 Dungeon Crawl Stone Soup version 0.26.0-10-g1f06aea511 (webtiles) character file.

Game seed: 15444010626698826662

128 Borgoz the Slasher (level 5, -1/44 HPs)
             Began as a Ghoul Gladiator on Jan 14, 2021.
             Slain by a river rat (8 damage)
             ... in a sewer.
             The game lasted 00:03:10 (2068 turns).

Borgoz the Slasher (Ghoul Gladiator)                Turns: 2068, Time: 00:03:10

Health: -1/44      AC:  4    Str: 18    XL:     5   Next: 12%
Magic:  4/4        EV: 13    Int:  3    God:
Gold:   151        SH:  0    Dex: 11    Spells: 4/4 levels left

rFire    . . .     SeeInvis .   a - +0 long sword
rCold    + . .     Faith    .   (no shield)
rNeg     + + +     Spirit   .   b - +0 leather armour
rPois    ∞         Reflect  .   c - +0 helmet
rElec    .         Harm     .   (no cloak)
rCorr    .         Rampage  .   (no gloves)
Will     .....                  (no boots)
Stlth    +.........             (no amulet)
HPRegen  0.00/turn              (no ring)
MPRegen  0.09/turn              (no ring)

@: hasted, very quick
A: claws 1, cold resistance 1, negative energy resistance 3, inhibited
regeneration, torment resistance, unbreathing
a: no special abilities


You were in a sewer.
You visited 1 branch of the dungeon, and saw 3 of its levels.
You also visited: Sewer.

You collected 151 gold pieces.

Inventory:

Hand Weapons
 a - a +0 long sword (weapon)
Missiles
 d - 3 throwing nets (quivered)
Armour
 b - a +0 leather armour (worn)
 c - a +0 helmet (worn)
Wands
 f - a wand of enslavement (7)
Scrolls
 e - a scroll of remove curse
 h - a scroll of magic mapping
Potions
 g - a potion of haste
 i - 3 potions of curing {unknown}
 j - a potion of cancellation {unknown}
 k - a potion of flight {unknown}
 l - a potion of heal wounds {unknown}


   Skills:
 + Level 2.9 Fighting
 * Level 3.7 Long Blades
 - Level 1.7 Throwing
 + Level 1.3 Armour
 * Level 3.7 Dodging


You had 4 spell levels left.
You didn't know any spells.
Your spell library was empty.

Dungeon Overview and Level Annotations

Branches:
Dungeon (3/15)              Sewer (1/1)

Altars:
Gozag
The Shining One


Innate Abilities, Weirdness & Mutations

You thrive by killing the living.
You are immune to poison.
You have sharp fingernails.
Your flesh is cold resistant. (rC+)
You are immune to negative energy. (rN+++)
You do not regenerate when monsters are visible.
You are immune to unholy pain and torment.
You can survive without breathing.


Message History

You hit the river rat.
The river rat is lightly wounded.
The river rat bites you.
* * * LOW HITPOINT WARNING * * *
You hit the river rat.
The river rat is moderately wounded.
The river rat barely misses you.
You riposte.
You hit the river rat but do no damage.
The river rat is moderately wounded.
You closely miss the river rat.
The river rat is moderately wounded.
The river rat bites you but does no damage. x2
You hit the river rat but do no damage.
The river rat is moderately wounded.
The river rat barely misses you.
You riposte.
You slash the river rat!
You kill the river rat!
You barely miss the river rat.
The river rat is heavily wounded.
The river rat bites you!
You die...

##### ####...####
####.........####
##.....r@........##
#......†###.......#
##......##
##......##
#......## ##......#
##..≈r## ##≈.≈.##
#≈≈≈r≈≈# #≈≈≈≈≈≈#
#≈≈≈≈≈≈# #≈≈≈≈≈≈#
#≈≈≈≈≈≈# #≈≈≈≈≈≈#
#≈≈≈r≈≈# #≈≈≈≈≈≈#


You could see a river rat and 2 rats.

Vanquished Creatures
  4 adders
  3 river rats (Sewer)
  2 worms
  2 dart slugs
  2 leopard geckos
  7 bats
  5 giant cockroaches
  6 goblins
  5 hobgoblins
  A ball python (D:3)
  3 frilled lizards
  6 kobolds
  12 rats
58 creatures vanquished.

Vanquished Creatures (others)
  2 plants (D:1)
2 creatures vanquished.

Grand Total: 60 creatures vanquished

Notes
Turn   | Place    | Note
-------+----------+-------------------------------------------
     0 | D:1      | Borgoz the Ghoul Gladiator began the quest for the Orb.
     0 | D:1      | Reached XP level 1. HP: 17/17 MP: 0/0
   267 | D:1      | Reached XP level 2. HP: 21/24 MP: 1/1
   963 | D:2      | Reached XP level 3. HP: 30/30 MP: 2/2
  1349 | D:2      | Reached skill level 1 in Armour
  1510 | D:2      | Found an opulent altar of Gozag.
  1563 | D:2      | Found a glowing golden altar of the Shining One.
  1661 | D:3      | Reached XP level 4. HP: 31/37 MP: 3/3
  1713 | D:3      | Found a glowing drain.
  1754 | Sewer    | Entered a sewer
  2046 | Sewer    | Reached XP level 5. HP: 39/44 MP: 4/4
  2068 | Sewer    | Slain by a river rat

Illustrated notes

Levels and vault maps discovered:
D:1:      dpeg_arrival_short_road, layout_loops_ring, serial_bayou_lagoon_a
D:2:      layout_rooms, tso_oasis_becter, grunt_gozag_statues
D:3:      layout_loops_ring, cheibrodos_sewer_entry_drain, ebering_ghost_gozag
Sewer:    sewer_minmay_w

Skill      XL: |  1  2  3 |
---------------+----------+-----
Dodging        | 3 |  3.7
Long Blades    | 3 |  3.7
Armour         | 1 |  1.3
Fighting       | |  2.9
Throwing       | |  1.7

Action                   |  1- 3 |  4- 6 || total
-------------------------+-------+-------++-------
Melee: Long sword        |    97 |    71 ||   168
Throw: Throwing net      |       |     1 ||     1
  Use: Scroll            |     6 |     1 ||     7
       Potion            |       |     1 ||     1
Armor: Leather armour    |    42 |    30 ||    72
Dodge: Dodged            |    67 |    55 ||   122
       Rpst.: Long sword |    26 |    23 ||    49
